 Dungeon Crawl Stone Soup version 0.31-a0-801-gc67433417a (webtiles) character file.

Game seed: 15318846055856474117

86 GordonOverkill the Sneak (level 4, 0/27 HPs)
             Began as a Deep Elf Delver on Sept 20, 2023.
             Succumbed to a scorpion's poison
             ... on level 6 of the Dungeon.
             The game lasted 00:00:48 (80 turns).

GordonOverkill the Sneak (Deep Elf Delver)            Turns: 80, Time: 00:00:49

Health: 0/27       AC:  3    Str:  9    XL:     4   Next: 26%
Magic:  6/6        EV: 12    Int: 17    God:
Gold:   0          SH:  0    Dex: 20    Spells: 3/3 levels left

rFire   x . .        h - +1 whip of Sixuavej {venom, *Rage +Blink rF- Dex+4}
rCold   . . .        (no shield)
rNeg    . . .        b - +0 leather armour
rPois   .            (no helmet)
rElec   .            (no cloak)
rCorr   .            (no gloves)
SInv    .            (no boots)
Will    .....        (no amulet)
Stlth   +++          (no ring)
HPRegen 0.24/turn    (no ring)
MPRegen 0.10/turn

%: random rage (20%)
@: lethally poisoned (0 -> -6)
A: no striking features
a: Evoke Blink


You were on level 6 of the Dungeon.
You visited 1 branch of the dungeon, and saw 2 of its levels.

Inventory:

Hand Weapons
 a - a +0 short sword
 h - the +1 whip of Sixuavej (weapon) {venom, *Rage +Blink rF- Dex+4}
   (You found it on level 5 of the Dungeon)

   Dex+4:     It affects your dexterity (+4).
   rF-:       It makes you vulnerable to fire.
   +Blink:    It lets you blink.
   *Rage:     It berserks you when you make melee attacks (+20% chance).
Armour
 b - a +0 leather armour (worn)
Wands
 g - a wand of digging (8)
Scrolls
 c - a scroll of fog
 d - a scroll of revelation
 e - a scroll of fear


   Skills:
 - Level 2.4 Fighting
 - Level 2.0 Short Blades
 + Level 2.9 Maces & Flails
 - Level 2.4 Dodging
 - Level 6.0 Stealth


You had 3 spell levels left.
You didn't know any spells.
Your spell library was empty.

Dungeon Overview and Level Annotations

Branches:
Dungeon (6/15)             Temple (0/1) D:5

Altars:


Message History

You recover from your berserk rage.
There is a stone staircase leading down here.
You climb downwards.
There is a stone staircase leading up here.
The helpless scorpion fails to defend itself.
You hit the scorpion.
The scorpion is lightly wounded.
The scorpion barely misses you.
You barely miss the scorpion.
The scorpion is lightly wounded.
The scorpion stings you. x2
You are too injured to fight recklessly!
You are too injured to fight recklessly!
You are too injured to fight recklessly!
You hit the scorpion.
The scorpion is poisoned.
The scorpion is lightly wounded.
The scorpion stings you.
* * * LOW HITPOINT WARNING * * *
You are lethally poisoned!
The scorpion poisons you!
You hit the scorpion.
The scorpion looks as sick as possible!
The scorpion is heavily wounded.
* * * LOW HITPOINT WARNING * * *
You feel very sick. The scorpion misses you.
You barely miss the scorpion.
The scorpion is almost dead.
* * * LOW HITPOINT WARNING * * *
You feel very sick.
You kill the scorpion!
You have reached level 3!
Your experience leads to an increase in your attributes!
Your base attributes are Str 9, Int 14, Dex 16.
Increase (S)trength, (I)ntelligence, or (D)exterity?
You feel clever. x2
You have reached level 4!
You feel clever.
* * * LOW HITPOINT WARNING * * *
You feel sick.
You die...

.........#
.........#
.........#
.........#
.........#
.........#
.........#
.........#
........@##
.........<#
............#
.........####
.........#
.........#
.........#
........#
.......


There were no monsters in sight!

Vanquished Creatures
  A scorpion (D:6)
  A hound (D:5)
2 creatures vanquished.

Notes
Turn   | Place    | Note
-------+----------+-------------------------------------------
     0 | D:5      | GordonOverkill the Deep Elf Delver began the quest for the
                  | Orb.
     0 | D:5      | Reached XP level 1. HP: 13/13 MP: 3/3
     4 | D:5      | Identified the +1 whip of Sixuavej {venom, *Rage +Blink rF-
                  | Dex+4}
    16 | D:5      | Noticed a hound
    17 | D:5      | Found a staircase to the Ecumenical Temple.
    31 | D:5      | Killed a hound
    32 | D:5      | Reached XP level 2. HP: 18/18 MP: 4/4
    70 | D:6      | Noticed a scorpion
    78 | D:6      | Killed a scorpion
    79 | D:6      | Reached XP level 3. HP: 2/22 MP: 5/5
    79 | D:6      | Reached XP level 4. HP: 3/27 MP: 6/6
    79 | D:6      | HP: 1/27 [poisoned by a scorpion]
    80 | D:6      | Succumbed to a scorpion's poison

Illustrated notes

Levels and vault maps discovered:
D:5:      layout_loops_corners, nicolae_tso_swordbearing_angel,
          minmay_temple_entry_junction_2, gammafunk_ghost_arena,
          nicolae_nh_ransacked_shop
D:6:      layout_basic, mainiacjoe_overflow_cross_hatched, xom_confusion_cloud

Skill      XL: |  1 |
---------------+----+-----
Maces & Flails | 2 |  2.9
Fighting       | |  2.4
Short Blades   | |  2.0
Dodging        | |  2.4
Stealth        | |  6.0

Action                     |  1- 3 |  4- 6 || total
---------------------------+-------+-------++-------
  Melee: Whip              |     8 |       ||     8
    Use: Potion            |     1 |       ||     1
   Stab: Sleeping          |     1 |       ||     1
 Armour: Leather armour    |     5 |       ||     5
  Dodge: Dodged            |     3 |       ||     3

Table legend: (Time is in decaauts)
 A = Elapsed time spent in this place.
 B = Non-inter-level travel time spent in this place.
 C = Inter-level travel time spent in this place.
 D = Time resting spent in this place.
 E = Time spent auto-exploring this place.
 F = Levels seen in this place.
 G = Mean time per level.
                   A        B        C        D        E       F      G
               +--------+--------+--------+--------+--------+-----+--------+
         Total |     75 |     75 |      0 |     23 |      0 |   2 |   37.5 |
       Dungeon |     75 |     75 |      0 |     23 |      0 |   2 |   37.5 |
               +--------+--------+--------+--------+--------+-----+--------+

Top non-repeatable levels by time:
     D:5: 65 daAuts
     D:6: 9 daAuts
